SL
FT. WORTH CATTLEMEN @ KINGSTON TOWNSHIP KNIGHTS
06/08/2042
 
TOP OF THE 1ST
Ft. Worth Cattlemen batting - Pitching for Kingston Township Knights : RHP Jin-oong Mae
Pitching: RHP Jin-oong Mae
Batting: RHB Jurgen Flurgenburgen 0-0: Called Strike
0-1: Fly out, F8 (Flyball, 8LS, EV 78.1 MPH)
Batting: LHB Count Dante 0-0: Swinging Strike
0-1: Ball
1-1: Foul Ball, location: 2F
1-2: Foul Ball, location: 2F
1-2: Strikes out swinging
Batting: SHB Kolby Hay 0-0: Ball
1-0: Ball
2-0: Called Strike
2-1: Ball
3-1: Called Strike
3-2: Strikes out swinging
Top of the 1st over - 0 runs, 0 hits, 0 errors, 0 left on base; Ft. Worth 0 - Kingston Township 0
BOTTOM OF THE 1ST
Kingston Township Knights batting - Pitching for Ft. Worth Cattlemen : LHP Allen Werner
Pitching: LHP Allen Werner
Batting: RHB Glenn Curtis 0-0: Foul Ball, location: 2F
0-1: Called Strike
0-2: Ball
1-2: Ball
2-2: Foul Ball, location: 2F
2-2: Foul Ball, location: 2F
2-2: Ball
3-2: Foul Ball, location: 2F
3-2: Base on Balls
Batting: SHB Eustacio Tafalla 0-0: Ball
1-0: SINGLE (Groundball, 6MD, EV 104.4 MPH)
Glenn Curtis to second
Runner from 2nd tries for 3rd, OUT after rundown.
Batting: RHB Daniel McCoy 0-0: Ball
1-0: Ball
Eustacio Tafalla is caught stealing 2nd base 2-4
2-0: Called Strike
2-1: Foul Ball, location: 2F
2-2: Ball
3-2: Fly out, F8 (Line Drive, 8LM, EV 98.8 MPH)
Bottom of the 1st over - 0 runs, 1 hit, 0 errors, 0 left on base; Ft. Worth 0 - Kingston Township 0
TOP OF THE 2ND
Ft. Worth Cattlemen batting - Pitching for Kingston Township Knights : RHP Jin-oong Mae
Batting: RHB Tae-cho Han 0-0: Ball
1-0: Ball
2-0: Foul Ball, location: 2F
2-1: Foul Ball, location: 2F
2-2: Ball
3-2: Foul Ball, location: 2F
3-2: Base on Balls
Batting: LHB Semo Hoaloha 0-0: Ball
1-0: Fly out, F7 (Flyball, 78S, EV 95.0 MPH)
Batting: LHB Tippi Degré 0-0: Ball
1-0: Foul Ball, location: 2F
1-1: Foul Ball, location: 2F
1-2: Strikes out looking
Batting: RHB Omer Yurtseven 0-0: Ground out 6-3 (Groundball, 6S, EV 91.9 MPH)
Top of the 2nd over - 0 runs, 0 hits, 0 errors, 1 left on base; Ft. Worth 0 - Kingston Township 0
BOTTOM OF THE 2ND
Kingston Township Knights batting - Pitching for Ft. Worth Cattlemen : LHP Allen Werner
Batting: RHB Holden Ford 0-0: Called Strike
0-1: Foul Ball, location: 2F
0-2: Ground out U3 (Groundball, 3, EV 106.9 MPH)
Pitching: RHP Tom Scots
Batting: LHB Ed Mellor 0-0: Ball
1-0: Ball
2-0: Ball
3-0: Base on Balls
Batting: RHB Amor Campos 0-0: Called Strike
0-1: Ball
1-1: Called Strike
1-2: SINGLE (Groundball, 56D, EV 97.5 MPH)
Ed Mellor to second
Batting: RHB Jorge Ozezera 0-0: Grounds into double play, 5-4-3 (Groundball, 5, EV 90.0 MPH)
Bottom of the 2nd over - 0 runs, 1 hit, 0 errors, 1 left on base; Ft. Worth 0 - Kingston Township 0
TOP OF THE 3RD
Ft. Worth Cattlemen batting - Pitching for Kingston Township Knights : RHP Jin-oong Mae
Batting: RHB Lonnie Doble 0-0: Ground out 5-3 (Groundball, 56S, EV 73.8 MPH)
Batting: RHB Dennis Wacher 0-0: Fly out, F8 (Line Drive, 8RM, EV 91.2 MPH)
Batting: RHB Jurgen Flurgenburgen 0-0: Swinging Strike
0-1: Ball
1-1: Fly out, F9 (Flyball, 89S, EV 93.8 MPH)
Top of the 3rd over - 0 runs, 0 hits, 0 errors, 0 left on base; Ft. Worth 0 - Kingston Township 0
BOTTOM OF THE 3RD
Kingston Township Knights batting - Pitching for Ft. Worth Cattlemen : RHP Tom Scots
Pitching: RHP Ignacio Uribe
Batting: LHB Ánibal Lima 0-0: Foul Ball, location: 2F
0-1: Ground out 6-3 (Groundball, 6, EV 83.8 MPH)
Batting: RHB Dylan Oram 0-0: Ball
1-0: Swinging Strike
1-1: Foul Ball, location: 2F
1-2: Strikes out swinging
Batting: RHB Glenn Curtis 0-0: Ball
1-0: Swinging Strike
1-1: Foul Ball, location: 2F
1-2: Strikes out looking
Bottom of the 3rd over - 0 runs, 0 hits, 0 errors, 0 left on base; Ft. Worth 0 - Kingston Township 0
TOP OF THE 4TH
Ft. Worth Cattlemen batting - Pitching for Kingston Township Knights : RHP Jin-oong Mae
Batting: LHB Count Dante 0-0: Ball
1-0: Ball
2-0: Foul Ball, location: 2F
2-1: Foul Ball, location: 2F
2-2: Ground out 4-3 (Groundball, 4, EV 86.2 MPH)
Batting: SHB Kolby Hay 0-0: Called Strike
0-1: Ball
1-1: Fly out, F8 (Flyball, 8RM, EV 85.6 MPH)
Batting: RHB Tae-cho Han 0-0: Foul Ball, location: 2F
0-1: Called Strike
0-2: Ball
1-2: Ball
2-2: SINGLE (Groundball, 6MD, EV 101.2 MPH)
Batting: LHB Semo Hoaloha 0-0: Ball
1-0: Foul Ball, location: 2F
1-1: Ball
2-1: Ground out 4-3 (Groundball, 4, EV 81.9 MPH)
Top of the 4th over - 0 runs, 1 hit, 0 errors, 1 left on base; Ft. Worth 0 - Kingston Township 0
BOTTOM OF THE 4TH
Kingston Township Knights batting - Pitching for Ft. Worth Cattlemen : RHP Ignacio Uribe
Batting: SHB Eustacio Tafalla 0-0: Foul Ball, location: 2F
0-1: Ball
1-1: Ground out 4-3 (Groundball, 4M, EV 83.1 MPH)
Batting: RHB Daniel McCoy 0-0: Ball
1-0: Ball
2-0: Called Strike
2-1: Ball
3-1: Called Strike
3-2: Foul Ball, location: 2F
3-2: Base on Balls
Batting: RHB Holden Ford 0-0: Ball
1-0: Called Strike
1-1: Swinging Strike
1-2: Strikes out swinging
Batting: LHB Ed Mellor 0-0: Called Strike
0-1: SINGLE (Groundball, 6D, EV 104.4 MPH)
Daniel McCoy to second
Batting: RHB Amor Campos 0-0: Ball
1-0: Called Strike
1-1: Ball
2-1: Fly out, F5 (Popup, 56S, EV 83.1 MPH)
Bottom of the 4th over - 0 runs, 1 hit, 0 errors, 2 left on base; Ft. Worth 0 - Kingston Township 0
TOP OF THE 5TH
Ft. Worth Cattlemen batting - Pitching for Kingston Township Knights : RHP Jin-oong Mae
Batting: LHB Tippi Degré 0-0: Ball
1-0: Ground out 6-3 (Groundball, 6M, EV 109.4 MPH)
Batting: RHB Omer Yurtseven 0-0: Ball
1-0: SOLO HOME RUN (Flyball, 7D, EV 92.5 MPH), Distance : 410 ft
Batting: RHB Lonnie Doble 0-0: Called Strike
0-1: Ball
1-1: Foul Ball, location: 2F
1-2: Strikes out swinging
Batting: RHB Dennis Wacher 0-0: Swinging Strike
0-1: Ground out 6-3 (Groundball, 6MS, EV 91.9 MPH)
Top of the 5th over - 1 run, 1 hit, 0 errors, 0 left on base; Ft. Worth 1 - Kingston Township 0
BOTTOM OF THE 5TH
Kingston Township Knights batting - Pitching for Ft. Worth Cattlemen : RHP Ignacio Uribe
Pitching: RHP Sima Babic
Batting: RHB Jorge Ozezera 0-0: SINGLE (Groundball, 4MD, EV 97.5 MPH)
Batting: LHB Ánibal Lima 0-0: Ball
1-0: Ball
2-0: Sac Bunt to 15S - play at first, batter safe!
Jorge Ozezera to second
Batting: RHB Dylan Oram 0-0: Ball
1-0: Bunted foul
1-1: Bunt - Flyout to 3S! F3
Batting: RHB Glenn Curtis 0-0: Ball
1-0: Called Strike
1-1: Ball
2-1: Called Strike
2-2: Foul Ball, location: 2F
2-2: Ball
Balk!
Jorge Ozezera to third
Ánibal Lima to second
3-2: Foul Ball, location: 2F
3-2: Strikes out swinging
Batting: SHB Eustacio Tafalla 0-0: Called Strike
0-1: Ground out 6-3 (Groundball, 6, EV 87.5 MPH)
Bottom of the 5th over - 0 runs, 2 hits, 0 errors, 2 left on base; Ft. Worth 1 - Kingston Township 0
TOP OF THE 6TH
Ft. Worth Cattlemen batting - Pitching for Kingston Township Knights : RHP Jin-oong Mae
Batting: RHB Jurgen Flurgenburgen 0-0: Called Strike
0-1: Foul Ball, location: 2F
0-2: Strikes out swinging
Batting: LHB Count Dante 0-0: Ground out 6-3 (Groundball, 6, EV 88.1 MPH)
Batting: SHB Kolby Hay 0-0: Ground out 4-3 (Groundball, 4, EV 105.6 MPH)
Top of the 6th over - 0 runs, 0 hits, 0 errors, 0 left on base; Ft. Worth 1 - Kingston Township 0
BOTTOM OF THE 6TH
Kingston Township Knights batting - Pitching for Ft. Worth Cattlemen : RHP Sima Babic
Batting: RHB Daniel McCoy 0-0: Ball
1-0: Called Strike
1-1: Swinging Strike
1-2: Ball
2-2: SINGLE (Flyball, 9S, EV 90.6 MPH)
Batting: RHB Holden Ford 0-0: Ball
1-0: Called Strike
1-1: Ball
2-1: Foul Ball, location: 2F
2-2: Foul Ball, location: 2F
2-2: Strikes out swinging
Batting: LHB Ed Mellor 0-0: Called Strike
0-1: Fielders Choice at 2nd, 6-4 (Groundball, 6S, EV 78.1 MPH)
Batting: RHB Amor Campos 0-0: Ball
1-0: Ball
2-0: SINGLE (Groundball, 34D, EV 97.5 MPH)
Ed Mellor to second
Runner from 2nd tries for 3rd, SAFE, throw by RF made to third
Batting: RHB Jorge Ozezera 0-0: Swinging Strike
0-1: Called Strike
0-2: Ball
1-2: DOUBLE (Line Drive, 89XD, EV 111.2 MPH)
Ed Mellor scores
Amor Campos to third
Runner from 3rd tries for Home, SAFE, no throw by RF
Batting: LHB Ánibal Lima 0-0: Called Strike
0-1: Swinging Strike
0-2: Foul Ball, location: 2F
0-2: Foul Ball, location: 2F
0-2: Strikes out swinging
Bottom of the 6th over - 2 runs, 3 hits, 0 errors, 1 left on base; Ft. Worth 1 - Kingston Township 2
TOP OF THE 7TH
Ft. Worth Cattlemen batting - Pitching for Kingston Township Knights : RHP Jin-oong Mae
Batting: RHB Tae-cho Han 0-0: Fly out, F9 (Flyball, 89D, EV 87.5 MPH)
Batting: LHB Semo Hoaloha 0-0: Swinging Strike
0-1: Ground out 2-3 (Groundball, 2R, EV 68.1 MPH)
Batting: LHB Tippi Degré 0-0: Called Strike
0-1: Ball
1-1: Called Strike
1-2: Ball
2-2: Ball
3-2: Strikes out looking
Top of the 7th over - 0 runs, 0 hits, 0 errors, 0 left on base; Ft. Worth 1 - Kingston Township 2
BOTTOM OF THE 7TH
Kingston Township Knights batting - Pitching for Ft. Worth Cattlemen : RHP Sima Babic
Batting: RHB Dylan Oram 0-0: Called Strike
0-1: Ground out 1-3 (Groundball, 13, EV 86.9 MPH)
Pitching: RHP WyDale Curry
Batting: RHB Glenn Curtis 0-0: Called Strike
0-1: Ball
1-1: Ground out 4-3 (Groundball, 4MD, EV 108.1 MPH)
Batting: SHB Eustacio Tafalla 0-0: Ball
1-0: Ball
2-0: Ball
3-0: Fly out, F8 (Flyball, 8LM, EV 88.8 MPH)
Bottom of the 7th over - 0 runs, 0 hits, 0 errors, 0 left on base; Ft. Worth 1 - Kingston Township 2
TOP OF THE 8TH
Ft. Worth Cattlemen batting - Pitching for Kingston Township Knights : RHP Jin-oong Mae
Batting: RHB Omer Yurtseven 0-0: Ball
1-0: Ball
2-0: Called Strike
2-1: Fly out, F8 (Flyball, 8RM, EV 79.4 MPH)
Batting: RHB Lonnie Doble 0-0: Foul Ball, location: 2F
0-1: Called Strike
0-2: Ball
1-2: Strikes out swinging
Batting: RHB Dennis Wacher 0-0: Ball
1-0: Called Strike
1-1: Called Strike
1-2: Foul Ball, location: 2F
1-2: Ball
2-2: Ground out 5-3 (Groundball, 5S, EV 83.1 MPH)
Top of the 8th over - 0 runs, 0 hits, 0 errors, 0 left on base; Ft. Worth 1 - Kingston Township 2
BOTTOM OF THE 8TH
Kingston Township Knights batting - Pitching for Ft. Worth Cattlemen : RHP WyDale Curry
Batting: RHB Daniel McCoy 0-0: Ball
1-0: Swinging Strike
1-1: Foul Ball, location: 2F
1-2: Ball
2-2: Ball
3-2: Foul Ball, location: 2F
3-2: DOUBLE (Flyball, 8RXD, EV 98.1 MPH)
Batting: RHB Holden Ford 0-0: Ball
1-0: Swinging Strike
1-1: Ball
2-1: Fly out, F7 (Flyball, 7S, EV 87.5 MPH)
Batting: LHB Ed Mellor 0-0: Intentional Walk
Pitching: RHP Blair Wright
Pinch Runner at 2nd Dave Broom:
Batting: RHB Amor Campos 0-0: Grounds into double play, 6-4-3 (Groundball, 6, EV 85.6 MPH)
Bottom of the 8th over - 0 runs, 1 hit, 0 errors, 1 left on base; Ft. Worth 1 - Kingston Township 2
TOP OF THE 9TH
Ft. Worth Cattlemen batting - Pitching for Kingston Township Knights : RHP Jin-oong Mae
Now in LF: Dave Broom
Pinch Hitting: LHB Jorge Alejándrez 0-0: Fly out, F7 (Flyball, 78M, EV 72.5 MPH)
Batting: LHB Count Dante 0-0: Ball
1-0: Ball
2-0: Called Strike
2-1: Foul Ball, location: 2F
2-2: Foul Ball, location: 2F
2-2: Strikes out swinging
Batting: SHB Kolby Hay 0-0: Ball
1-0: Called Strike
1-1: Foul Ball, location: 2F
1-2: Ball
2-2: Strikes out swinging
Top of the 9th over - 0 runs, 0 hits, 0 errors, 0 left on base; Ft. Worth 1 - Kingston Township 2
Friday, March 26th, 2021 - OOTP Baseball 20.8 Build 74